[ AOE2 MATCH · #507018291 ]
UnrankedItalians vs Muisca
Player's team · WIN
Rival team · LOSS
[ REPLAY ANALYSIS · EXTRACTED FROM THE RECORDED GAME ]
Feudal
8:55
Castle
—
Imperial
—
| APM avg | 56.6 |
| APM peak | 92 |
| eAPM avg | 21.8 |
| Villagers / military | 32 / 10 |
Focus
⚔️ 38.9% · 🌾 61.1%
Archer ×6 · Militia ×4
Feudal
11:23
Castle
—
Imperial
—
| APM avg | 50.5 |
| APM peak | 89 |
| eAPM avg | 19.1 |
| Villagers / military | 33 / 0 |
Focus
⚔️ 29.7% · 🌾 70.3%
Match map
Initial resources + every placement click. Lines = walls · curves = elevation contours. ◆ gold · ⬟ stone · ● berries · ✦ relic · ◌ wall gap
Your base· Open — unwalled flank
f2a's base· Open — unwalled flank
Smoothed initial terrain · ◌ = detected wall gap · hover for details
Inputs per minute
— Nicholai - - f2a
Build order — Nicholai
65 actions detected in the replay
| 0:01 | Queue | Villager (Male) ×4 |
| 0:01 | Queue | Villager (Male) ×4 |
| 0:02 | Build | House |
| 0:02 | Build | House |
| 1:29 | Queue | Villager (Male) |
| 2:08 | Queue | Villager (Male) |
| 2:11 | Build | Lumber Camp |
| 2:27 | Queue | Villager (Male) |
| 2:51 | Queue | Villager (Male) |
| 2:53 | Queue | Villager (Male) |
| 3:35 | Queue | Villager (Male) |
| 3:44 | Queue | Villager (Male) |
| 4:02 | Queue | Villager (Male) |
| 4:12 | Build | House |
| 4:49 | Queue | Villager (Male) |
| 5:07 | Queue | Villager (Male) |
| 5:39 | Build | Barracks |
| 5:49 | Queue | Villager (Male) |
| 6:08 | Build | House |
| 6:12 | Research | Loom |
| 6:39 | Research | Feudal Age |
| 6:40 | Queue | Militia |
| 6:40 | Queue | Militia |
| 6:40 | Queue | Militia |
| 7:07 | Build | House |
| 7:09 | Queue | Militia |
| 7:24 | Build | Mining Camp |
| 7:35 | Queue | Villager (Male) |
| 8:01 | Queue | Villager (Male) |
| 8:55 | Age | Feudal Age |
| 8:56 | Research | Man-at-Arms (upgrade) |
| 8:58 | Research | Double-Bit Axe |
| 8:58 | Research | Double-Bit Axe |
| 9:27 | Build | Watch Tower |
| 9:37 | Build | Watch Tower |
| 9:38 | Queue | Villager (Male) |
| 9:45 | Build | Mill |
| 10:16 | Build | Watch Tower |
| 10:33 | Queue | Villager (Male) |
| 10:54 | Build | Mining Camp |
| 11:06 | Queue | Villager (Male) |
| 11:12 | Build | House |
| 11:17 | Queue | Villager (Male) |
| 11:40 | Queue | Villager (Male) |
| 11:59 | Build | Archery Range |
| 12:01 | Queue | Villager (Male) |
| 12:02 | Build | Farm |
| 12:03 | Build | Farm |
| 12:31 | Queue | Villager (Male) |
| 12:32 | Build | Farm |
| 12:33 | Build | Farm |
| 12:56 | Queue | Archer |
| 13:04 | Queue | Archer |
| 13:29 | Queue | Villager (Male) |
| 13:29 | Queue | Villager (Male) |
| 13:52 | Queue | Archer |
| 13:53 | Queue | Archer |
| 13:54 | Queue | Villager (Male) |
| 13:56 | Build | Farm |
| 13:58 | Build | Farm |
| 14:00 | Build | House |
| 14:00 | Build | House |
| 14:43 | Queue | Archer |
| 14:43 | Queue | Archer |
| 14:44 | Queue | Villager (Male) |
Build order — f2a
51 actions detected in the replay
| 0:02 | Queue | Villager (Male) |
| 0:02 | Queue | Villager (Male) |
| 0:03 | Build | House |
| 0:05 | Build | House |
| 0:09 | Queue | Villager (Male) |
| 0:09 | Queue | Villager (Male) |
| 0:09 | Queue | Villager (Male) |
| 1:25 | Queue | Villager (Male) |
| 1:26 | Queue | Villager (Male) |
| 1:59 | Queue | Villager (Male) |
| 2:28 | Queue | Villager (Male) |
| 2:28 | Queue | Villager (Male) |
| 2:56 | Queue | Villager (Male) |
| 2:57 | Queue | Villager (Male) |
| 3:06 | Build | Settlement |
| 3:16 | Queue | Villager (Male) |
| 3:16 | Queue | Villager (Male) |
| 3:16 | Queue | Villager (Male) |
| 3:57 | Queue | Villager (Male) |
| 3:57 | Queue | Villager (Male) |
| 4:20 | Queue | Villager (Male) |
| 4:20 | Queue | Villager (Male) |
| 4:24 | Build | Settlement |
| 4:46 | Queue | Villager (Male) |
| 4:46 | Queue | Villager (Male) |
| 5:16 | Queue | Villager (Male) |
| 5:16 | Queue | Villager (Male) |
| 5:16 | Queue | Villager (Male) |
| 5:22 | Queue | Villager (Male) |
| 5:22 | Queue | Villager (Male) |
| 5:52 | Queue | Villager (Male) |
| 5:53 | Queue | Villager (Male) |
| 5:53 | Queue | Villager (Male) |
| 5:57 | Build | Palisade Wall |
| 6:12 | Queue | Villager (Male) |
| 6:12 | Queue | Villager (Male) |
| 6:40 | Queue | Villager (Male) |
| 6:41 | Queue | Villager (Male) |
| 6:43 | Research | Loom |
| 7:51 | Build | House |
| 7:54 | Build | House |
| 8:56 | Research | Feudal Age |
| 11:23 | Age | Feudal Age |
| 11:30 | Build | Market |
| 11:32 | Build | Blacksmith |
| 12:20 | Research | Castle Age |
| 13:22 | Build | Farm |
| 13:22 | Build | Farm |
| 13:23 | Build | Farm |
| 13:50 | Build | Farm |
| 13:56 | Build | Settlement |
Match timeline
| 5:39 | Nicholai · first_building Barracks |
| 5:57 | f2a · wall_segment Palisade Wall x8 |
| 8:55 | Nicholai · age_up feudal |
| 11:23 | f2a · age_up feudal |
| 11:59 | Nicholai · first_building Archery Range |
| 12:19 | f2a · first_market_sell 100 stone |
| 14:47 | f2a · resign |
[ AI ANALYSIS · 1 CREDIT ]
What really happened in this match?
Wolo.gg analyzes every decision: build order, eco, micro, common mistakes by bracket. Personalized analysis on WhatsApp or Discord in 30 seconds.
Civ guide
Italians
Perfil
Jugador #5070200